 Dungeon Crawl Stone Soup version 0.18.1-50-g88ac8fd (webtiles) character file.

66 lorenzova the Charmwright (level 4, 0/35 HPs)
             Began as a Merfolk Skald on Oct 17, 2016.
             Slain by a giant gecko (4 damage)
             ... on level 2 of the Dungeon.
             The game lasted 00:01:53 (1141 turns).

lorenzova the Charmwright (Merfolk Skald)           Turns: 1141, Time: 00:01:54

Health: 0/35       AC:  3    Str: 17    XL:     4   Next: 15%
Magic:  4/7        EV: 12    Int: 11    God:
Gold:   55         SH:  0    Dex: 13    Spells: 1 memorised, 6 levels left

rFire  . . .     SeeInvis .     a - +0 spear
rCold  . . .     Gourm    .     b - +0 leather armour
rNeg   . . .     Faith    .     (no shield)
rPois  .         Spirit   .     (no helmet)
rElec  .         Dismiss  .     (no cloak)
rCorr  .         Reflect  .     (no gloves)
SustAt .         Harm     .     (no boots)
MR     .....                    (no amulet)
Stlth  +.........               (no ring)
                                f - +4 ring of strength

@: not resistant to hostile enchantments, very unstealthy
A: change form in water, swift swim
a: no special abilities


You were on level 2 of the Dungeon.
You were hungry.

You visited 1 branch of the dungeon, and saw 2 of its levels.

You collected 55 gold pieces.

Inventory:

Hand Weapons
 a - a +0 spear (weapon)
Armour
 b - a +0 leather armour (worn)
Jewellery
 f - a +4 ring of strength (left hand)
Scrolls
 g - a scroll of identify {unknown}
 h - a scroll of magic mapping {unknown}
 k - a scroll of teleportation {unknown}
 l - a scroll of enchant armour {unknown}
 n - a scroll of recharging {unknown}
Potions
 e - a potion of cure mutation {unknown}
 i - 5 potions of curing {unknown}
 j - a potion of lignification {unknown}
 m - a potion of ambrosia {unknown}
Books
 c - a book of Battle

   Spells                             Type                      Level
   a - Infusion                       Charms                       1
   b - Shroud of Golubria             Charms/Translocation         2
   c - Song of Slaying                Charms                       2
   d - Spectral Weapon                Hexes/Charms                 3
   e - Regeneration                   Charms/Necromancy            3
Comestibles
 d - 2 bread rations


   Skills:
 * Level 3.3 Fighting
 - Level 3.0 Polearms
 - Level 0.6 Armour
 * Level 3.1 Dodging
 + Level 2.2 Spellcasting
 + Level 3.7 Charms


You had 6 spell levels left.
You knew the following spells:

 Your Spells              Type           Power        Failure   Level  Hunger
a - Infusion              Chrm           #...         10%         1    ##.....


Dungeon Overview and Level Annotations

Branches:
Dungeon (2/15)

Altars:


Message History

You feel sick.
You start resting.
You feel sick. x5
You are no longer poisoned.
You start resting.
A giant gecko comes into view.
A giant gecko is nearby!
You are too injured to fight recklessly!
You are too injured to fight recklessly!
You are too injured to fight recklessly!
A kobold comes into view. It is wielding a short sword.
The kobold shouts!
The kobold throws a stone.
The stone barely misses you.
You see here a stone.
The giant gecko closely misses you.
You hit the giant gecko.
The giant gecko is heavily wounded.
The giant gecko bites you but does no damage.
The giant gecko bites you.
You die...

## ####### ######### ...
#.....#####.......## !...
#..[..#............#.....
#.....#####........†.....
#.....#####.......(......
#######
#......(@l........##.....
#.....# #....)#####.......#
..... #....># #...(.#
#........# ....
#.....###..(..####........#
####
#.......#.................#
#........(....########.####
#.....#.K...##########.###
#.....#(..#........(..)...
#.....#.###..)...........#


You could see a giant gecko.

Vanquished Creatures
  2 adders (D:2)
  An ooze (D:1)
  2 dart slugs (D:1)
  3 giant geckos
  3 giant cockroaches (D:1)
  6 goblins (D:1)
  4 hobgoblins
  2 jackals (D:2)
  2 ball pythons (D:1)
  3 bats
  A giant newt (D:1)
  4 kobolds
  3 rats
36 creatures vanquished.

Notes
Turn   | Place    | Note
--------------------------------------------------------------
     0 | D:1      | lorenzova the Merfolk Skald began the quest for the Orb.
     0 | D:1      | Reached XP level 1. HP: 16/16 MP: 3/3
    91 | D:1      | Reached XP level 2. HP: 23/23 MP: 0/5
   315 | D:1      | Reached XP level 3. HP: 11/28 MP: 6/6
  1091 | D:2      | Reached XP level 4. HP: 22/35 MP: 2/7
  1141 | D:2      | Slain by a giant gecko

Skill      XL: |  1  2  3 |
---------------+----------+-----
Dodging        | 2 3 |  3.1
Fighting       | 3 |  3.3
Polearms       | |  3.0
Armour         | |  0.6
Spellcasting   | |  2.2
Charms         | |  3.7

Action                   |  1- 3 |  4- 6 || total
-------------------------+-------+-------++-------
Melee: Spear             |   105 |    10 ||   115
 Cast: Infusion          |     2 |       ||     2
Armor: Leather armour    |    10 |     3 ||    13
Dodge: Dodged            |    47 |     9 ||    56
